Map: Ruins of Endion

Players

Hammer

  • Race: Terran Terran
  • League: Master

Miszu - Winner!

  • Race: Zerg Zerg
  • League: Master

VOD

Have the link to the VOD?

Description

Time

  • Played on: June 27, 2016, 7:07 p.m.
  • Length: 8:07
Show
View Real Time Build Order
Export as new Build Order

Hammer Terran 

Build Orders: 1/1/1, Liberator Opening 

Get SALT Encoding   

  12  0:01  SCV  
  13  0:13  SCV  
  14  0:19  Supply Depot  
  14  0:25  SCV  
  15  0:41  SCV  
  16  0:43  Barracks  
  16  0:45  Refinery  
  16  0:51  Refinery  
  16  0:54  SCV  
  17  1:06  SCV  
  18  1:18  SCV  
  19  1:31  Orbital Command  
  19  1:33  Factory  
  19  1:40  Marine  
  20  1:53  Supply Depot  
  20  1:57  SCV  
  21  2:02  Barracks Reactor  
  21  2:10  SCV  
  22  2:18  Starport  
  22  2:19  Factory Reactor  
  22  2:22  SCV  
  23  2:31  Supply Depot  
  23  2:34  SCV  
  24  2:38  Marine  
  24  2:39  Marine  
  26  2:46  SCV, Liberator x2  
  27  2:57  Supply Depot  
  28  2:58  SCV  
  34  3:07  Marine x2  
  34  3:11  Factory Tech Lab  
  36  3:13  SCV  
  37  3:22  Supply Depot  
  37  3:25  SCV  
  37  3:26  Marine  
  40  3:32  Siege Tank  
  42  3:37  SCV  
  43  3:47  Supply Depot  
  43  3:49  Medivac  
  45  3:56  Marine x2  
  45  3:57  SCV  
  48  4:09  Medivac  
  50  4:11  SCV  
  50  4:14  Marine x2  
  50  4:15  Supply Depot  
  53  4:32  Marine x2  
  55  4:50  Marine x2, Liberator  
  51  5:07  Siege Tank  
  54  5:08  Marine x2  
  54  5:13  Command Center  
  56  5:25  Marine  
  56  5:26  Marine  
  55  5:43  Marine x2, Medivac, Siege Tank  
  54  5:58  Liberator  
  54  6:01  Marine x2  
  49  6:16  SCV  
  53  6:21  Engineering Bay  
  53  6:23  Barracks  
  53  6:24  Barracks  
  53  6:25  Barracks  
  53  6:26  Orbital Command  
  53  6:28  SCV  
  53  6:38  Siege Tank  
  53  6:39  Marine  
  49  6:40  Marine, SCV  
  52  6:48  Bunker  
  52  6:52  Refinery, SCV  
  52  6:54  SCV  
  54  6:57  Marine  
  55  7:04  SCV  
  55  7:06  SCV  
  57  7:08  Marine  
  57  7:10  Siege Tank  
  57  7:11  Barracks Tech Lab  
  57  7:12  Barracks Tech Lab  
  57  7:15  Marine  
  62  7:16  SCV  
  62  7:18  SCV  
  62  7:20  Refinery  
  64  7:29  SCV  
  63  7:30  SCV  
  46  7:41  SCV  
Show
View Real Time Build Order
Export as new Build Order

Miszu Zerg - Winner!

Build Orders: Hatch First 

Get SALT Encoding   

  12  0:00  Drone  
  13  0:12  Overlord  
  13  0:19  Drone  
  14  0:31  Drone x2  
  14  0:35  Drone  
  17  0:52  Hatchery  
  16  0:57  Drone  
  17  1:05  Extractor, Drone  
  17  1:19  Spawning Pool  
  17  1:20  Drone  
  17  1:24  Drone  
  18  1:34  Drone  
  19  1:40  Overlord  
  19  2:06  Zergling x6  
  19  2:07  Metabolic Boost  
  19  2:08  Queen  
  24  2:10  Queen  
  24  2:15  Drone  
  27  2:20  Drone  
  27  2:22  Drone  
  29  2:26  Drone  
  30  2:33  Drone  
  30  2:37  Drone  
  32  2:44  Pneumatized Carapace  
  32  2:46  Queen  
  34  2:52  Drone x2  
  36  3:15  Overlord  
  36  3:16  Overlord  
  36  3:21  Roach Warren  
  35  3:27  Drone  
  36  3:45  Extractor, Zergling x14  
  42  3:53  Spore Crawler  
  42  3:54  Spore Crawler  
  40  3:57  Queen  
  42  4:08  Roach  
  42  4:09  Overlord x2  
  44  4:10  Overlord x2  
  43  4:36  Roach x7  
  43  4:38  Ravager  
  58  4:41  Drone  
  49  5:03  Ravager x3  
  44  5:32  Roach x4  
  44  5:33  Zergling x12  
  55  5:47  Zergling x6  
  55  5:59  Drone x2  
  55  6:00  Drone  
  56  6:07  Queen  
  58  6:12  Drone  
  58  6:15  Drone  
  58  6:16  Drone  
  60  6:26  Zergling x6  
  57  6:38  Zergling x10  
  60  6:45  Zergling x4  
  62  6:52  Zergling x2  
  63  6:54  Zergling x2  
  64  7:03  Zergling x4  
  64  7:05  Ravager  
  64  7:06  Ravager  
  64  7:07  Ravager x4  
  72  7:09  Zergling x6  
  72  7:14  Overlord  
  75  7:19  Zergling x2  
  76  7:24  Overlord x2  
  65  7:38  Zergling x14  
Tags
 
Add a new tag
Caveats
  • Supply blocks, unpowered buildings, or Contaminate may cause inaccurate times.
  • Supply counts are checked every 10 seconds.